 Dungeon Crawl Stone Soup version 0.23.2 (webtiles) character file.

Game seed: 3250521741480219038

77 PikkenKukken the Digger (level 4, 0/41 HPs)
             Began as a Troll Earth Elementalist on Apr 3, 2019.
             Killed from afar by Natasha (9 damage)
             ... with a magic dart
             ... on level 2 of the Dungeon.
             The game lasted 00:03:35 (1174 turns).

PikkenKukken the Digger (Troll Earth Elementalist)  Turns: 1174, Time: 00:03:35

Health: 0/41       AC:  7    Str: 16    XL:     4   Next: 14%
Magic:  4/4        EV: 10    Int: 12    God:
Gold:   79         SH:  0    Dex: 10    Spells: 4/5 levels left

rFire    . . .     SeeInvis .     - Unarmed
rCold    . . .     Gourm    +   (no shield)
rNeg     . . .     Faith    .   c - +0 robe
rPois    .         Spirit   .   (helmet restricted)
rElec    .         Reflect  .   q - +0 cloak
rCorr    .         Harm     .   (gloves unavailable)
MR       .....                  (boots unavailable)
Stlth    +.........             (no amulet)
HPRegen  0.53/turn              (no ring)
MPRegen  0.09/turn              (no ring)

@: no status effects
A: large, unfitting armour, claws 3, fast metabolism 3, gourmand, regeneration
1, shaggy fur 1, tough skin 3
a: no special abilities


You were on level 2 of the Dungeon.
You were completely stuffed.

You visited 1 branch of the dungeon, and saw 2 of its levels.

You collected 79 gold pieces.

Inventory:

Missiles
 b - 68 stones (quivered)
Armour
 c - a +0 robe (worn)
 q - a +0 cloak (worn)
Wands
 p - a wand of flame (9)
Scrolls
 a - a scroll of remove curse {unknown}
 f - a scroll of amnesia {unknown}
 h - a scroll of fog {unknown}
 i - a scroll of fear {unknown}
 j - 3 scrolls of enchant weapon {unknown}
 k - a scroll of noise {unknown}
 m - 2 scrolls of random uselessness {unknown}
 s - a scroll of identify {unknown}
Potions
 e - a potion of berserk rage {unknown}
 g - 3 potions of curing {unknown}
 l - a potion of lignification {unknown}
 n - a potion of agility {unknown}
 r - a potion of heal wounds {unknown}
Comestibles
 d - 5 rations
 o - 6 chunks of flesh


   Skills:
 + Level 1.3 Fighting
 + Level 1.5 Throwing
 + Level 2.3 Dodging
 - Level 1.0 Stealth
 + Level 1.6 Unarmed Combat
 - Level 1.2 Spellcasting
   Level 0.6 Transmutations
 - Level 2.6 Earth Magic


You had 4 spell levels left.
You knew the following spells:

 Your Spells              Type           Power        Failure   Level  Hunger
a - Sandblast             Erth           #.....       10%         1    ##.....

Your spell library contained the following spells:

 Spells                   Type           Power        Failure   Level  Hunger
 Passwall                 Tmut/Erth      #.......     22%         2    ###....
 Stone Arrow              Conj/Erth      #.....       45%         3    ####...
 Petrify                  Tmut/Erth      #.......     83%         4    #####..
 Lee's Rapid Deconstruct  Erth           #.........   95%         5    ######.


Dungeon Overview and Level Annotations

Branches:
Dungeon (2/15)

Altars:
Ashenzari

Annotations:
D:2 Natasha


Innate Abilities, Weirdness & Mutations

You are too large for most types of armour.
You have claws for hands.
Your metabolism is lightning-fast.
You like to eat raw meat.
Your natural rate of healing is unusually fast.
You are covered in fur. (AC +1)
You have extremely tough skin. (AC +3)


Message History

You closely miss something. Something claws you.
You closely miss something. Something claws you but does no damage.
You barely miss something. Something claws you.
You scratch something. Something claws you.
You miss something. Something claws you but does no damage.
You claw something! Something claws you but does no damage.
You closely miss something. Something claws you!
You closely miss something.
You hear some strange, mumbled words.
You miss something. Something claws you.
* * * LOW HITPOINT WARNING * * *
You barely miss something.
The iron imp grins evilly.
Something claws you.
* * * LOW HITPOINT WARNING * * *
You closely miss something.
You hear some strange, mumbled words.
A magic dart appears from out of thin air!
The magic dart hits you!
You die...

..#..## ##.#
......## .#
##..#
.......##..#
##..##
#.รท.....##..#
##..##
#.....#..##..#
##..##
####..##.#
#..## ##).##
..##...#+##
#... ##..##
#.##.#....#
#5{##..##
#)##.#....#
#.@..##
#<##...)..#
##..##
##).......#
####
...##.....#
..###.....#
......#...#
...####<.##
...#.....#
...#.#.#>#


You could see an iron imp.

Vanquished Creatures
  Robin (D:1)
  2 adders (D:2)
  A ball python (D:2)
  9 bats
  A giant cockroach (D:2)
  8 hobgoblins
  5 kobolds
  A quokka (D:2)
  2 frilled lizards
  10 goblins
  8 rats
48 creatures vanquished.

Notes
Turn   | Place    | Note
-------+----------+-------------------------------------------
     0 | D:1      | PikkenKukken the Troll Earth Elementalist began the quest
                  | for the Orb.
     0 | D:1      | Reached XP level 1. HP: 16/16 MP: 1/1
   288 | D:1      | Reached XP level 2. HP: 26/26 MP: 2/2
   293 | D:1      | Found a shattered altar of Ashenzari.
   795 | D:2      | Reached skill level 1 in Unarmed Combat
   827 | D:2      | Noticed Robin
   845 | D:1      | Killed Robin
   845 | D:1      | Reached skill level 1 in Throwing
   845 | D:1      | Reached XP level 3. HP: 18/32 MP: 3/3
   876 | D:2      | Reached skill level 1 in Fighting
  1064 | D:2      | Reached XP level 4. HP: 40/41 MP: 1/4
  1159 | D:2      | Noticed Natasha
  1174 | D:2      | Killed from afar by Natasha

Skill      XL: |  1  2  3 |
---------------+----------+-----
Unarmed Combat | 1 |  1.6
Throwing       | 1 |  1.5
Dodging        | 2 |  2.3
Fighting       | 1 |  1.3
Stealth        | |  1.0
Spellcasting   | |  1.2
Transmutations | |  0.6
Earth Magic    | |  2.6

Action                   |  1- 3 |  4- 6 || total
-------------------------+-------+-------++-------
Melee: Unarmed           |   135 |    36 ||   171
 Cast: Sandblast         |     9 |     2 ||    11
 Stab: Sleeping          |     2 |       ||     2
  Eat: Chunk             |    16 |     1 ||    17
Armor: Robe              |    47 |    23 ||    70
Dodge: Dodged            |    58 |    23 ||    81
